cohdb
Replays
Latest Replays
All Replays
Popular Replays
Top Player Replays
Match Explorer
How It Works
Community
CoH3 Stats
Reddit
Sign in to upload your games and track your stats! →
Sign in with Steam
Same ELO match with close outcome, imo shows the imbalance with DAK
Match 11452932
Overview
Messages
Build Orders
End
Engineer Squad
Construct Barracks
1⁄4-ton 4x4 Truck
Riflemen Squad
Riflemen Squad
Mechanized Support Center
Construct Motor Pool
M24 Chaffee Light Tank
Riflemen Squad
Selects Armored Battlegroup
Selects Veteran Crews
Selects Fast Deploy
Construct Medical Station
M1918 Browning Automatic Rifles
Riflemen Squad
Riflemen Squad
Construct Tank Depot
Selects Field Repairs
Selects War Machine
M4A1 Sherman Medium Tank
M4A1 76mm Conversion
Grenade Package
Selects Seek and Destroy
M4A1(76) Sherman Medium Tank
M4A1(76) Sherman Medium Tank
Riflemen Squad
M1 Anti-tank Gun Team
M4A1(76) Sherman Medium Tank
Engineer Squad
M18 Hellcat Tank Destroyer
M4A1(76) Sherman Medium Tank
M4A1(76) Sherman Medium Tank
Selects M4A3E8 Sherman Combat Group
M4A1(76) Sherman Medium Tank
M4A1(76) Sherman Medium Tank
Riflemen Squad
Enoche
Esxile
0
0
Comments
sign in to comment!
No comments posted yet!